cohdb
Replays
Latest Replays
All Replays
Popular Replays
Top Player Replays
Match Explorer
How It Works
Community
CoH3 Stats
Reddit
Sign in to upload your games and track your stats! →
Sign in with Steam
Match 43692944
Unlisted
Match 43692944
Overview
Messages
Build Orders
End
Scout Squad
Selects Airborne Battlegroup
Selects Heavy Machine Gun Paradrop
Heavy Machine Gun Paradrop
Engineer Squad
Heavy Machine Gun Paradrop
Infantry Support Center
Construct Medical Station
Construct Weapon Support Center
Selects Paratrooper Squad Paradrop
Paratrooper Squad Paradrop
Paratrooper Squad Paradrop
M3 Armored Personnel Carrier
Heavy Machine Gun Paradrop
Selects Recon Loiter
Selects Supply Drop
Supply Drop
M3 Armored Personnel Carrier
Construct Tank Depot
Recon Loiter
M4(105) Sherman Bulldozer
Bego
BlueSkidrow™
Farlion
Monsieur Nathan
0
0
Comments
sign in to comment!
No comments posted yet!